 Dungeon Crawl Stone Soup version 0.20.1-1-g8b1a95d (webtiles) character file.

1145 poirepourri the Basher (level 8, -6/75 HPs)
             Began as a Gargoyle Fighter on Nov 6, 2017.
             Mangled by an orc warrior
             ... wielding a +0 short sword
              (7 damage)
             ... on level 6 of the Dungeon.
             The game lasted 00:09:53 (5413 turns).

poirepourri the Basher (Gargoyle Fighter)           Turns: 5413, Time: 00:09:53

Health: -6/75      AC: 24    Str: 20    XL:     8   Next: 37%
Magic:  8/8        EV:  2    Int:  9    God:
Gold:   169        SH:  9    Dex: 11    Spells: 7/7 levels left

rFire    . . .     SeeInvis .   a - +0 flail
rCold    . . .     Gourm    .   c - +0 shield
rNeg     + + +     Faith    .   (armour currently unavailable)
rPois    ∞         Spirit   .   (helmet currently unavailable)
rElec    .         Reflect  .   (cloak currently unavailable)
rCorr    .         Harm     .   (gloves currently unavailable)
MR       .....     NoTele   +   (boots currently unavailable)
Stlth    +.........             (no amulet)
Regen    0.3/turn               (no ring)
MPRegen  0.2/turn               (no ring)

@: tree-form, very slightly contaminated, hasted, very quick
A: negative energy resistance 1, petrification resistance, rot immunity, AC +5
a: no special abilities


You were on level 6 of the Dungeon.
You were full.
You were a tree.
You visited 2 branches of the dungeon, and saw 7 of its levels.

You collected 169 gold pieces.

Inventory:

Hand Weapons
 a - a +0 flail (weapon)
Missiles
 n - 34 bolts
Armour
 b - a +0 scale mail (melded)
 c - a +0 shield (worn)
 o - a +0 helmet (melded)
Jewellery
 e - an uncursed ring of fire {unknown}
Wands
 h - a wand of digging (10/24)
 l - a wand of lightning (1/15)
 m - a wand of flame (18/48)
 v - a wand of disintegration (14/24)
 z - a wand of random effects (15/48)
Scrolls
 p - 2 scrolls of remove curse
 q - a scroll of identify
 w - a scroll of fog
Potions
 d - a potion of flight
 i - a potion of brilliance
 j - 3 potions of lignification
 A - a potion of ambrosia {unknown}
Books
 y - a book of Minor Magic

   Spells                             Type                      Level
   a - Magic Dart                     Conjuration                  1
   b - Blink                          Translocation                2
   c - Call Imp                       Summoning                    2
   d - Slow                           Hexes                        2
   e - Conjure Flame                  Conjuration/Fire             3
   f - Mephitic Cloud                 Conjuration/Poison/Air       3
Comestibles
 f - 5 bread rations
 g - a meat ration


   Skills:
 + Level 5.5 Fighting
 - Level 9.0 Maces & Flails
 - Level 3.2 Armour
 - Level 3.2 Shields


You had 7 spell levels left.
You didn't know any spells.

Dungeon Overview and Level Annotations

Branches:
Dungeon (6/15)             Temple (1/1) D:5

Altars:
Ashenzari
Elyvilon
Fedhas
Kikubaaqudgha
Makhleb
Nemelex Xobeh
Qazlal
Ru
Sif Muna
Trog
Uskayaw
Vehumet
Xom
Zin
The Shining One

Annotations:
D:5 Zappman123's ghost, amateur DgFE
D:6 bmj180's ghost, novice DrBe


Innate Abilities, Weirdness & Mutations

You are resistant to torment.
((Your stone body is resilient. (AC +5)))
You are immune to poison.
You resist negative energy. (rN+)
((You are resistant to electric shocks. (rElec)))
((You can survive without breathing.))
You are immune to petrification.
You are immune to rotting.


Message History

It was a potion of haste.
You feel yourself speed up.
The bullfrog hits you but does no damage.
The orc warrior hits you but does no damage.
You hit the orc warrior but do no damage.
The orc warrior is heavily wounded.
You block the bullfrog's attack.
You closely miss the orc warrior.
The orc warrior is heavily wounded.
The bullfrog hits you but does no damage.
The orc warrior hits you with a short sword.
* * * LOW HITPOINT WARNING * * *
The bullfrog barely misses you.
You sock the orc warrior!
The orc warrior is severely wounded.
The orc warrior hits you but does no damage.
You closely miss the orc warrior.
The orc warrior is severely wounded.
The bullfrog barely misses you.
The orc warrior hits you with a short sword!
You die...

# .# #.###
##
##o##.##
.#
#♣##...#
.#
#.F....#
#.#.#
#####..#
<...#
######.##
#####
#........#
....#
#+######.#
###.# ..#
..# ....
..# .....#


You could see an orc warrior and a bullfrog.

Vanquished Creatures
  Eustachio (D:5)
  A black bear (D:5)
  A phantom (D:4)
  The ghost of bmj180 the Slasher, an amateur HuBe of Trog (D:3)
  A centaur (D:5)
  A scorpion (D:4)
  A howler monkey (D:4)
  A crimson imp (D:5)
  A quasit (D:4)
  A hound (D:4)
  An orc priest (D:5)
  A centaur skeleton (D:4)
  Terence (D:3)
  Natasha (thrice) (D:3)
  4 worker ants
  A howler monkey zombie (D:5)
  10 adders
  An ooze (D:4)
  An adder zombie (D:6)
  3 adder skeletons
  A worm (D:3)
  2 dart slugs (D:1)
  9 leopard geckos
  6 orcs
  3 giant cockroaches
  14 goblins
  10 hobgoblins
  11 jackals
  4 quokkas
  A ball python (D:1)
  6 bats
  4 frilled lizards
  8 kobolds
  11 rats
126 creatures vanquished.

Notes
Turn   | Place    | Note
-------+----------+-------------------------------------------
     0 | D:1      | poirepourri the Gargoyle Fighter began the quest for the Orb.
     0 | D:1      | Reached XP level 1. HP: 14/14 MP: 1/1
    74 | D:1      | Reached XP level 2. HP: 19/19 MP: 2/2
   165 | D:1      | Reached skill level 3 in Maces & Flails
   322 | D:1      | Reached XP level 3. HP: 23/23 MP: 3/3
   681 | D:2      | Reached skill level 4 in Maces & Flails
   834 | D:2      | Reached XP level 4. HP: 28/28 MP: 4/4
  1494 | D:3      | Noticed Terence
  1509 | D:3      | Reached skill level 5 in Maces & Flails
  1517 | D:3      | Killed Terence
  1517 | D:3      | Reached XP level 5. HP: 28/32 MP: 5/5
  1549 | D:3      | Found a radiant altar of Vehumet.
  1562 | D:3      | Noticed Natasha
  1584 | D:3      | Noticed bmj180's ghost (amateur HuBe)
  1611 | D:3      | Killed bmj180's ghost
  1611 | D:3      | Reached skill level 6 in Maces & Flails
  1611 | D:3      | Reached XP level 6. HP: 13/37 MP: 6/6
  1647 | D:3      | Killed Natasha
  1743 | D:3      | Noticed Natasha
  2145 | D:3      | Killed Natasha
  2166 | D:3      | Noticed Natasha
  2178 | D:3      | Killed Natasha
  2399 | D:3      | Found a bloodstained altar of Trog.
  2633 | D:4      | Reached skill level 7 in Maces & Flails
  2644 | D:4      | Reached XP level 7. HP: 32/41 MP: 7/7
  2939 | D:4      | Reached skill level 8 in Maces & Flails
  3192 | D:5      | Entered Level 5 of the Dungeon
  3200 | D:5      | Found a sparkling altar of Nemelex Xobeh.
  3259 | D:5      | Noticed Eustachio
  3305 | D:5      | Killed Eustachio
  3394 | D:5      | Reached skill level 9 in Maces & Flails
  3394 | D:5      | Reached XP level 8. HP: 18/46 MP: 8/8
  3652 | D:5      | Found a staircase to the Ecumenical Temple.
  3682 | Temple   | Entered the Ecumenical Temple
  4100 | D:5      | Noticed Zappman123's ghost (amateur DgFE)
  4148 | D:5      | Reached skill level 5 in Fighting
  4413 | D:5      | Found a sacrificial altar of Ru.
  4442 | D:6      | Noticed bmj180's ghost (novice DrBe)
  5411 | D:6      | HP: 1/75 [orc warrior/short sword (4)]
  5413 | D:6      | Mangled by an orc warrior

Skill      XL: |  1  2  3  4  5  6  7  8 |
---------------+-------------------------+-----
Maces & Flails | 3 4 5 6 7 9 |  9.0
Fighting       | 5 |  5.5
Armour         | |  3.2
Shields        | |  3.2

Action                   |  1- 3 |  4- 6 |  7- 9 || total
-------------------------+-------+-------+-------++-------
Melee: Flail             |   114 |   202 |   240 ||   556
Evoke: Wand              |       |       |     1 ||     1
  Use: Scroll            |     3 |     4 |     9 ||    16
       Potion            |       |     5 |     4 ||     9
  Eat: Meat ration       |       |     2 |     1 ||     3
       Fruit             |       |     2 |     1 ||     3
       Royal jelly       |       |       |     1 ||     1
Armor: Scale mail        |    89 |   112 |   139 ||   340
       Skin              |       |       |    17 ||    17
Dodge: Dodged            |    44 |    61 |    81 ||   186
Block: Shield            |    89 |    98 |   133 ||   320
